 Dungeon Crawl Stone Soup version 0.17.1-3-g152610e (webtiles) character file.

560 Locuples the Chopper (level 7, -3/82 HPs)
             Began as a Demonspawn Berserker on Apr 20, 2016.
             Was a Priest of Trog.
             Slain by a water moccasin (4 damage)
             ... on level 5 of the Dungeon on Apr 21, 2016.
             The game lasted 00:14:54 (4839 turns).

Locuples the Chopper (Demonspawn Berserker)         Turns: 4839, Time: 00:14:55

Health: -3/82      AC:  9    Str: 24    XL:     7   Next: 9%
Magic:  7/7        EV: 11    Int:  9    God:    Trog [***...]
Gold:   179        SH:  0    Dex: 12    Spells: 0 memorised, 6 levels left

rFire  . . .     SeeInvis .     a - +0 hand axe
rCold  . . .     Clarity  .     h - +0 scale mail
rNeg   . . .     SustAt   .     (no shield)
rPois  .         Gourm    .     (helmet restricted)
rElec  .         Spirit   .     (no cloak)
rCorr  .         Warding  .     q - +0 pair of gloves
rMut   .         Stasis   .     v - +0 pair of boots
MR     .....                    (no amulet)
Stlth  ..........               (no ring)
                                (no ring)

@: berserking, lethally poisoned (-3 -> -19), very quick, not resistant to
hostile enchantments, extremely unstealthy
A: antennae 1, claws 1, talons 2, powered by pain 1
a: Berserk, Trog's Hand, Burn Spellbooks, Renounce Religion


You were on level 5 of the Dungeon.
You worshipped Trog.
Trog was most pleased with you.
You were not hungry.

You visited 1 branch of the dungeon, and saw 5 of its levels.

You collected 179 gold pieces.

Inventory:

Hand Weapons
 a - a +0 hand axe (weapon)
Armour
 h - a +0 scale mail (worn)
 q - a +0 pair of gloves (worn)
 v - a +0 pair of boots (worn)
Jewellery
 y - the ring "Vuuph" {+/*Tele rElec rC+ Str+2, unknown}
   (You found it on level 5 of the Dungeon)

   [ring of teleportation]

   It may teleport you next to monsters, and can be evoked to randomly teleport.
   It affects your strength (+2).
   It protects you from cold.
   It insulates you from electricity.
Scrolls
 b - 2 scrolls of enchant armour {unknown}
 c - 2 scrolls of identify
 e - 2 scrolls of fear {unknown}
 f - 4 scrolls of enchant weapon
 g - a scroll of blinking
 m - 2 scrolls of noise {unknown}
 o - 3 scrolls of remove curse
 p - 2 scrolls of teleportation {unknown}
 r - a scroll of immolation {unknown}
 t - a scroll of fog {unknown}
Potions
 i - a potion of agility {unknown}
 k - a potion of curing {unknown}
 l - a potion of mutation {unknown}
 n - 2 potions of poison {unknown}
 u - a potion of magic {unknown}
 x - a potion of flight {unknown}
Comestibles
 d - a slice of pizza
 j - 3 beef jerkies
 s - 2 fruits
 w - a bread ration
 z - a chunk of flesh


   Skills:
 + Level 4.5 Fighting
 * Level 5.2 Axes
 + Level 3.6 Armour
 + Level 3.0 Dodging


You had 6 spell levels left.
You didn't know any spells.

Dungeon Overview and Level Annotations

Branches:
Dungeon (5/15)
 Temple: D:4-7

Altars:
Nemelex Xobeh
Yredelemnul


Innate Abilities, Weirdness & Mutations

You have a pair of small antennae on your head.
You have sharp fingernails.
You have razor-sharp toenails.
You sometimes gain a little power by taking damage.


Message History

* * * LOW HITPOINT WARNING * * *
You feel sick. The water moccasin closely misses you.
Unknown command.
You miss the water moccasin.
The water moccasin is moderately wounded.
You hit the quokka skeleton.
You destroy the quokka skeleton!
* * * LOW HITPOINT WARNING * * *
You feel sick.
The water moccasin bites you but does no damage.
You closely miss the water moccasin.
The water moccasin is moderately wounded.
* * * LOW HITPOINT WARNING * * *
You feel sick. The water moccasin bites you.
* * * LOW HITPOINT WARNING * * *
You miss the water moccasin.
The water moccasin is moderately wounded.
* * * LOW HITPOINT WARNING * * *
You feel sick. The water moccasin bites you.
You die...

..# ###..#
#####....#
........##
#.......#
#.......#
###.......#
#...@S...#
#........#
#..#####.#
#.. #.# #.
#.# #. #.#
#.. #.#
#..#####.#
###.....##.#


You could see a water moccasin.

Vanquished Creatures
  An ogre (D:4)
  A crimson imp (D:5)
  A giant frog skeleton (D:5)
  2 orc priests (D:3)
  3 orc wizards (D:3)
  An iguana (D:4)
  Natasha (thrice) (D:2)
  2 worker ants (D:5)
  3 gnolls (D:3)
  4 adders
  4 worms
  2 giant geckos
  14 orcs
  A ball python (D:5)
  7 bats
  5 giant cockroaches
  9 goblins (D:1)
  6 hobgoblins
  A jackal (D:4)
  A quokka (D:2)
  A giant gecko skeleton (D:4)
  A giant newt (D:1)
  9 kobolds
  A quokka skeleton (D:5)
  11 rats
94 creatures vanquished.

Notes
Turn   | Place    | Note
--------------------------------------------------------------
     0 | D:1      | Locuples the Demonspawn Berserker began the quest for the Orb.
     0 | D:1      | Reached XP level 1. HP: 18/18 MP: 1/1
   276 | D:1      | Gained mutation: You have sharp toenails. [demonic ancestry]
   276 | D:1      | Reached XP level 2. HP: 17/24 MP: 2/2
   586 | D:1      | Found a sparkling altar of Nemelex Xobeh.
   748 | D:1      | Reached ** piety under Trog
  1001 | D:1      | Gained mutation: You have a pair of small antennae on your head. [demonic ancestry]
  1001 | D:1      | Reached XP level 3. HP: 29/29 MP: 3/3
  1535 | D:2      | Found a basalt altar of Yredelemnul.
  1540 | D:2      | Noticed Natasha
  1550 | D:2      | Killed Natasha
  1550 | D:2      | Reached XP level 4. HP: 20/35 MP: 4/4
  1612 | D:2      | Noticed Natasha
  1622 | D:2      | Killed Natasha
  1698 | D:2      | Noticed Natasha
  1702 | D:2      | Killed Natasha
  2114 | D:3      | Reached *** piety under Trog
  2114 | D:3      | Reached skill level 4 in Axes
  2462 | D:3      | Gained mutation: You have sharp fingernails. [demonic ancestry]
  2462 | D:3      | Reached XP level 5. HP: 42/42 MP: 5/5
  2774 | D:3      | Gained mutation: You sometimes gain a little power by taking damage. [demonic ancestry]
  2774 | D:3      | Reached XP level 6. HP: 20/48 MP: 6/6
  3684 | D:4      | Reached skill level 5 in Axes
  4419 | D:5      | Entered Level 5 of the Dungeon
  4725 | D:5      | Gained mutation: You have razor-sharp toenails. [demonic ancestry]
  4725 | D:5      | Reached XP level 7. HP: 44/55 MP: 7/7
  4786 | D:5      | Got a scintillating turquoise ring
  4825 | D:5      | Noticed a water moccasin
  4838 | D:5      | HP: 4/82 [poisoned by a water moccasin]
  4839 | D:5      | HP: 1/82 [poisoned by a water moccasin]
  4839 | D:5      | Slain by a water moccasin

Action                   |  1- 3 |  4- 6 |  7- 9 || total
-------------------------+-------+-------+-------++-------
Melee: Hand axe          |   130 |   223 |    21 ||   374
Invok: Berserk           |     1 |     4 |     1 ||     6
  Use: Scroll            |       |     4 |       ||     4
  Eat: Chunk             |     2 |     9 |     1 ||    12
       Bread ration      |       |     1 |       ||     1
       Pizza             |       |     1 |       ||     1
